Map: [ESL] Hard Lead

Players

Elazer - Winner!

  • Race: Zerg Zerg
  • Spawn Location: 11:00

ShaDoWn

  • Race: Protoss Protoss
  • Spawn Location: 5:00

Event: ESL SC2 Masters 2023 Winter (Regional)

VOD

Have the link to the VOD?

Description

Time

  • Played on: Oct. 27, 2023, 11:24 a.m.
  • Length: 16:27

All games in this series

Show
View Real Time Build Order
Export as new Build Order

Elazer Zerg - Winner!

Build Orders: Hatch First, Lurkers 

Get SALT Encoding   

  12  0:00  Drone  
  13  0:08  Drone  
  14  0:32  Hatchery  
  13  0:36  Drone  
  13  0:41  Extractor, Drone  
  15  0:49  Overlord  
  15  1:03  Spawning Pool  
  14  1:08  Drone  
  14  1:11  Drone  
  16  1:16  Drone  
  17  1:22  Drone  
  18  1:31  Drone  
  19  1:42  Drone  
  19  1:45  Drone  
  21  1:50  Queen x2  
  25  1:55  Zergling x2  
  25  1:57  Overlord  
  26  2:05  Drone x2  
  28  2:16  Drone x2  
  30  2:24  Drone  
  30  2:27  Hatchery  
  30  2:31  Queen  
  30  2:33  Extractor  
  30  2:36  Drone  
  32  2:39  Overlord  
  32  2:46  Drone x2  
  34  2:52  Queen  
  36  2:59  Drone x4  
  40  3:07  Queen  
  40  3:11  Drone  
  40  3:12  Drone  
  44  3:14  Overlord  
  44  3:32  Drone x4, Queen  
  44  3:33  Metabolic Boost  
  50  3:37  Drone x2  
  52  3:42  Drone  
  52  3:43  Drone x3  
  56  3:49  Overlord  
  56  3:56  Zergling x4  
  56  3:58  Roach Warren  
  56  4:00  Zergling x2  
  58  4:03  Overlord  
  58  4:06  Overlord  
  58  4:08  Zergling x6  
  61  4:12  Zergling x8  
  65  4:24  Spore Crawler x2  
  64  4:25  Zergling x12  
  64  4:30  Zergling x4  
  71  4:38  Roach x5, Evolution Chamber  
  81  4:42  Evolution Chamber  
  81  4:44  Zergling x2  
  81  4:48  Overlord  
  82  4:55  Overlord  
  82  4:56  Spore Crawler x2  
  74  5:00  Drone x8  
  74  5:05  Drone  
  80  5:13  Drone x5  
  85  5:19  Drone x3  
  88  5:22  Drone x3  
  88  5:25  Lair  
  91  5:35  Zergling x12, Extractor x2  
  91  5:41  Zerg Missile Weapons Level 1  
  91  5:42  Overlord  
  94  5:49  Drone x3  
  97  5:50  Overlord x2  
  97  6:03  Drone x8  
  105  6:04  Extractor  
  105  6:05  Drone  
  105  6:06  Extractor  
  105  6:08  Drone x2  
  105  6:10  Extractor, Hatchery  
  104  6:12  Overlord  
  104  6:13  Drone  
  105  6:23  Roach x5  
  115  6:31  Roach x5  
  122  6:33  Overlord  
  122  6:39  Overlord  
  122  6:41  Infestation Pit  
  122  6:43  Drone x4  
  125  6:49  Overlord  
  125  6:50  Overlord x2  
  125  6:52  Glial Reconstitution  
  124  6:57  Roach x3  
  128  7:06  Overseer  
  128  7:09  Overlord  
  126  7:18  Roach  
  126  7:19  Roach x9  
  126  7:22  Hatchery  
  143  7:24  Overseer  
  143  7:36  Ravager x2  
  144  7:40  Zerg Missile Weapons Level 2  
  144  7:42  Roach x5  
  152  7:48  Drone x12  
  164  7:53  Hive  
  164  7:54  Drone x3  
  164  7:56  Drone x2  
  169  8:01  Drone x4  
  173  8:11  Roach x5  
  183  8:17  Overlord x2  
  181  8:27  Extractor  
  181  8:28  Extractor  
  179  8:38  Ravager x2  
  179  8:39  Hatchery  
  182  8:41  Roach x9  
  182  8:47  Ravager x2  
  200  9:13  Adrenal Glands  
  200  9:16  Evolution Chamber  
  198  9:20  Hydralisk Den  
  198  9:24  Spine Crawler x2  
  196  9:25  Spine Crawler  
  170  9:40  Roach  
  170  9:41  Roach x15  
  175  9:45  Roach x3  
  175  9:46  Roach x12  
  175  9:49  Viper  
  175  9:50  Viper  
  179  9:55  Roach x4  
  179  9:57  Zergling x14  
  193  10:01  Zerg Melee Weapons Level 1  
  193  10:04  Drone x3  
  195  10:08  Zergling x6  
  198  10:27  Zerg Missile Weapons Level 3  
  198  10:31  Lurker Den  
  197  10:48  Roach x3  
  197  11:02  Ravager x3  
  199  11:09  Ravager  
  199  11:10  Ravager x4  
  189  11:13  Roach x5  
  198  11:30  Spine Crawler  
  198  11:31  Spine Crawler x2  
  198  11:32  Spine Crawler  
  192  11:35  Seismic Spines, Hydralisk x4  
  157  12:24  Lurker x3  
  157  12:25  Zergling x82  
  200  12:32  Adaptive Talons  
  200  12:39  Hydralisk x2  
  191  12:48  Roach x20  
  176  13:00  Roach x10  
  176  13:05  Extractor  
  191  13:09  Lurker x2, Extractor  
  191  13:11  Zerg Melee Weapons Level 2  
  191  13:12  Hydralisk x4  
  190  13:13  Overlord  
  190  13:14  Overlord  
  182  13:22  Hydralisk x9  
  182  13:24  Grooved Spines  
  196  13:43  Hatchery  
  185  13:56  Lurker  
  185  13:57  Lurker x10  
  185  13:58  Zergling x6  
  177  14:43  Drone  
  161  15:00  Hydralisk  
  161  15:01  Hydralisk x11  
  161  15:03  Muscular Augments  
  183  15:07  Zergling x36  
  188  15:35  Zergling x18  
  176  15:41  Hydralisk x3  
  178  15:46  Hydralisk  
  178  15:47  Hydralisk x9  
  194  15:53  Zergling x2  
  170  16:07  Zergling x12  
  169  16:12  Hatchery  
  158  16:25  Hatchery  
Show
View Real Time Build Order
Export as new Build Order

ShaDoWn Protoss 

Build Orders: 1 Gate Expand, Mass Adepts 

Get SALT Encoding   

  12  0:00  Probe  
  13  0:13  Pylon  
  13  0:17  Probe (Chrono Boost)  
  14  0:30  Probe (Chrono Boost)  
  15  0:36  Probe (Chrono Boost)  
  16  0:43  Gateway  
  16  0:44  Probe  
  16  0:49  Assimilator  
  17  0:56  Probe  
  18  1:08  Probe  
  19  1:20  Probe  
  20  1:27  Nexus  
  20  1:36  Cybernetics Core  
  20  1:39  Probe  
  21  1:44  Assimilator  
  21  1:51  Probe  
  22  1:55  Pylon  
  22  2:03  Probe (Chrono Boost)  
  23  2:11  Adept (Chrono Boost)  
  26  2:16  Probe (Chrono Boost)  
  26  2:17  Twilight Council  
  26  2:21  Probe (Chrono Boost)  
  27  2:24  Warp Gate  
  27  2:30  Probe (Chrono Boost)  
  27  2:34  Stalker  
  30  2:39  Probe (Chrono Boost)  
  32  2:48  Probe (Chrono Boost)  
  32  2:50  Probe (Chrono Boost)  
  33  2:52  Gateway  
  33  2:55  Probe x2 (Chrono Boost)  
  35  3:01  Resonating Glaives (Chrono Boost)  
  35  3:09  Gateway  
  35  3:13  Gateway, Probe  
  35  3:15  Probe  
  37  3:25  Probe  
  40  3:28  Probe, Adept (Chrono Boost)  
  40  3:32  Pylon  
  41  3:37  Probe  
  41  3:39  Adept (Chrono Boost)  
  42  3:44  Probe  
  42  3:46  Pylon  
  45  3:52  Nexus  
  45  3:54  Probe  
  46  4:01  Probe  
  47  4:07  Probe  
  48  4:12  Adept x3  
  48  4:14  Adept  
  48  4:15  Probe  
  57  4:18  Pylon  
  57  4:19  Probe  
  58  4:25  Assimilator  
  58  4:34  Probe  
  58  4:36  Adept  
  58  4:37  Adept x3  
  67  4:39  Probe  
  67  4:43  Pylon  
  68  4:47  Probe  
  68  4:51  Probe  
  70  4:59  Robotics Facility, Probe  
  63  5:03  Probe  
  63  5:04  Probe  
  63  5:05  Adept x4  
  63  5:07  Assimilator  
  67  5:11  Probe  
  68  5:15  Probe  
  68  5:16  Probe  
  66  5:26  Probe (Chrono Boost)  
  68  5:28  Probe (Chrono Boost)  
  68  5:30  Shield Battery  
  68  5:32  Probe (Chrono Boost)  
  68  5:33  Adept x3  
  68  5:34  Adept  
  78  5:38  Probe (Chrono Boost)  
  78  5:39  Probe (Chrono Boost)  
  78  5:41  Assimilator, Probe (Chrono Boost)  
  78  5:42  Assimilator  
  80  5:43  Probe (Chrono Boost)  
  80  5:46  Observer (Chrono Boost)  
  80  5:47  Probe  
  83  5:50  Robotics Bay  
  83  5:51  Probe  
  83  5:55  Probe  
  85  5:59  Probe  
  85  6:00  Robotics Facility  
  85  6:03  Probe  
  87  6:04  Warp Prism (Chrono Boost)  
  87  6:07  Probe  
  87  6:10  Pylon  
  87  6:11  Probe, Pylon  
  90  6:16  Probe  
  92  6:23  Probe  
  93  6:30  Probe  
  94  6:35  Pylon  
  94  6:36  Pylon  
  98  6:40  Colossus (Chrono Boost)  
  98  6:45  Extended Thermal Lance  
  98  6:47  Colossus (Chrono Boost)  
  98  6:48  Forge  
  104  7:00  Sentry  
  104  7:01  Adept x2  
  104  7:07  Observer  
  106  7:13  Colossus (Chrono Boost)  
  106  7:14  Protoss Ground Weapons Level 1  
  106  7:20  Colossus (Chrono Boost)  
  110  7:25  Gateway x2  
  110  7:28  Gateway  
  116  7:33  Sentry  
  116  7:34  Stalker x3  
  124  7:45  Pylon  
  124  7:53  Nexus  
  124  7:55  Blink, Pylon  
  124  8:02  Immortal (Chrono Boost)  
  124  8:03  Pylon  
  128  8:06  Pylon  
  132  8:15  Shield Battery  
  132  8:17  Photon Cannon  
  132  8:18  Photon Cannon  
  132  8:20  Immortal (Chrono Boost)  
  132  8:25  Nexus  
  130  8:28  Stalker x3  
  130  8:31  Immortal (Chrono Boost), Pylon  
  130  8:33  Probe x2  
  138  8:35  Templar Archives  
  138  8:36  Assimilator  
  138  8:39  Assimilator  
  142  8:41  Probe  
  142  8:44  Pylon  
  142  8:45  Photon Cannon, Probe x2  
  142  8:47  Photon Cannon  
  145  8:49  Shield Battery  
  145  8:53  Probe  
  150  8:59  Immortal (Chrono Boost)  
  150  9:00  Sentry  
  150  9:01  Immortal (Chrono Boost)  
  152  9:08  Sentry  
  152  9:09  Sentry x2  
  162  9:11  Pylon  
  162  9:16  Probe  
  162  9:17  Probe  
  162  9:21  Psionic Storm  
  162  9:27  Shield Battery  
  162  9:29  Photon Cannon  
  162  9:32  High Templar  
  162  9:34  Protoss Ground Weapons Level 2 (Chrono Boost)  
  160  9:44  Probe  
  145  9:47  Immortal (Chrono Boost)  
  145  9:50  High Templar x2  
  147  9:56  Immortal (Chrono Boost), Adept  
  147  9:57  Adept x3  
  155  10:01  Nexus  
  155  10:11  Pylon  
  149  10:15  Pylon  
  149  10:19  Immortal (Chrono Boost)  
  149  10:21  Pylon  
  153  10:23  High Templar x3  
  153  10:28  Photon Cannon  
  157  10:30  Photon Cannon  
  157  10:31  Immortal (Chrono Boost), Pylon  
  157  10:32  Photon Cannon  
  161  10:40  High Templar x2  
  165  10:44  Archon  
  165  10:49  Shield Battery  
  165  10:52  Photon Cannon, Adept  
  165  10:53  Photon Cannon, Adept  
  165  10:55  Photon Cannon  
  169  10:57  Assimilator  
  169  11:00  Assimilator, Immortal (Chrono Boost)  
  171  11:20  High Templar x5  
  171  11:21  Zealot x2  
  185  11:26  Archon x2  
  185  11:27  Immortal  
  187  11:36  Gateway  
  187  11:37  Gateway, Protoss Ground Weapons Level 3 (Chrono Boost)  
  187  11:38  Gateway  
  187  11:42  Gateway  
  187  11:47  Shield Battery  
  185  11:48  Photon Cannon  
  185  11:51  High Templar x2  
  185  11:53  Warp Prism  
  191  11:55  Archon  
  189  12:07  Charge  
  181  12:10  Immortal  
  181  12:20  High Templar x2  
  181  12:21  Probe  
  181  12:22  Stalker x3  
  184  12:29  Immortal (Chrono Boost)  
  157  12:57  Immortal (Chrono Boost)  
  141  13:04  High Templar x6  
  141  13:05  Zealot x5  
  151  13:08  Immortal (Chrono Boost)  
  151  13:09  Archon x3  
  152  13:28  Zealot x5  
  162  13:37  Observer (Chrono Boost)  
  162  13:38  Observer (Chrono Boost)  
  162  13:39  Adept  
  165  13:43  Nexus  
  165  13:46  High Templar x2  
  165  13:47  High Templar x2, Immortal (Chrono Boost)  
  165  13:48  Immortal (Chrono Boost)  
  169  13:57  Zealot x6  
  169  14:01  Protoss Shields Level 1 (Chrono Boost), Pylon  
  181  14:04  Pylon  
  181  14:05  Stargate  
  181  14:07  Assimilator  
  181  14:09  Assimilator  
  167  14:25  Immortal  
  165  14:34  Pylon  
  165  14:36  Shield Battery  
  165  14:37  High Templar  
  163  14:39  Immortal, Pylon  
  163  14:40  Photon Cannon  
  163  14:42  Photon Cannon  
  163  14:44  Photon Cannon  
  163  14:45  Pylon  
  165  14:46  Zealot x6, Photon Cannon  
  163  15:04  Immortal  
  163  15:05  High Templar x4  
  174  15:11  Fleet Beacon  
  173  15:19  Immortal  
  157  15:37  High Templar x5  
  151  15:44  Observer  
  126  15:58  Observer (Chrono Boost)  
  116  16:06  Zealot x6  
  117  16:22  Adept x4  
Tags
 
Add a new tag
Caveats
  • Supply blocks, unpowered buildings, or Contaminate may cause inaccurate times.
  • Supply counts are checked every 10 seconds.